 Dungeon Crawl Stone Soup version 0.30.2 (webtiles) character file.

Game seed: 9586163079487200148

438 porpoise the Shooter (level 7, 0/53 HPs)
             Began as a Human Hunter on Mar 7, 2024.
             Succumbed to a scorpion's poison
             ... on level 4 of the Dungeon.
             The game lasted 00:07:09 (3212 turns).

porpoise the Shooter (Human Hunter)                 Turns: 3212, Time: 00:07:09

Health: 0/53       AC:  5    Str: 12    XL:     7   Next: 22%
Magic:  7/7        EV: 12    Int:  9    God:
Gold:   158        SH:  0    Dex: 18    Spells: 6/6 levels left

rFire   . . .        a - +0 shortbow
rCold   . . .        (shield currently unavailable)
rNeg    . . .        c - +0 leather armour
rPois   .            t - +2 hat
rElec   .            (no cloak)
rCorr   .            (no gloves)
SInv    .            (no boots)
Will    .....        (no amulet)
Stlth   ++           (no ring)
HPRegen 0.28/turn    (no ring)
MPRegen 0.10/turn

%: no passive effects
@: lethally poisoned (0 -> -9), flying
A: no striking features
a: no special abilities


You were on level 4 of the Dungeon.
You visited 1 branch of the dungeon, and saw 5 of its levels.

You collected 158 gold pieces.

Inventory:

Hand Weapons
 a - a +0 shortbow (weapon)
Missiles
 o - 4 curare-tipped darts
 u - 3 javelins
Armour
 c - a +0 leather armour (worn)
 t - a +2 hat (worn)
Magical Staves
 g - a staff of cold
 v - a staff of conjuration
Scrolls
 b - 3 scrolls of immolation
 d - a scroll of magic mapping
 e - a scroll of poison {unknown}
 f - 5 scrolls of identify
 i - a scroll of teleportation {unknown}
 j - a scroll of fear {unknown}
 k - a scroll of silence {unknown}
 n - a scroll of enchant weapon {unknown}
 q - a scroll of butterflies {unknown}
Potions
 h - 2 potions of might
 l - 2 potions of haste
 m - a potion of attraction
 p - a potion of resistance
 r - 2 potions of magic


   Skills:
 + Level 3.9 Fighting
 * Level 6.4 Ranged Weapons
 - Level 2.0 Dodging
 + Level 3.7 Stealth


You had 6 spell levels left.
You didn't know any spells.
Your spell library was empty.

Dungeon Overview and Level Annotations

Branches:
Dungeon (5/15)
 Temple: D:4-7

Altars:
Ru
The Shining One


Message History

The scorpion barely misses you. Blork the orc barely misses you.
The scorpion closely misses you.
You shoot an arrow.
The arrow hits Blork the orc but does no damage.
Blork the orc is heavily wounded.
The scorpion barely misses you.
Blork the orc hits you with a +0 short sword!
You shoot an arrow. The arrow hits Blork the orc.
Blork the orc is heavily wounded.
The scorpion stings you. Blork the orc casts a spell at you.
The puff of frost hits you.
* * * LOW HITPOINT WARNING * * *
The scorpion closely misses you.
You shoot an arrow. The arrow hits Blork the orc.
Blork the orc is severely wounded.
Blork the orc hits you but does no damage.
The scorpion stings you but does no damage.
Blork the orc screams, "I'm much stronger than you!"
Blork the orc misses you.
You shoot an arrow. The arrow hits Blork the orc!
You kill Blork the orc!
The scorpion misses you. The scorpion stings you.
* * * LOW HITPOINT WARNING * * *
You are poisoned.
The scorpion poisons you!
You feel sick. The scorpion stings you.
* * * LOW HITPOINT WARNING * * *
Things that are here:
a +0 short sword; a +0 robe You feel sick.
You shoot an arrow. The arrow barely misses the scorpion.
You feel sick. The scorpion stings you.
* * * LOW HITPOINT WARNING * * *
You are more poisoned.
The scorpion poisons you! The scorpion barely misses you.
It was a potion of flight.
You feel very buoyant.
You fly up into the air.
You die...

#.........#.#.##.#####.#.######.#
#####.###.#.#.#........#.#§§≈≈#..
....#.....#.#.#.##.#...#.#§.8≈#..
###.#.....#.#.#.###....#.#§§_§#..
.........##...#.# ##......≈≈≈≈'..
#...............# #.....######.#
#......########## #.............
#.....)#############.(#.##.######
.......))..)....@s>...#.##.# #..
###....###########...##.##.## #..
###....# #...'......#####
...###### #...##..........
........# ##'#############
........######## #...........# #
.............<.# #..########.# #
...#...#.......# #..#......#.###
...#...#)......# #.......#......


You could see a scorpion.

Vanquished Creatures
  A black bear (D:4)
  A phantom (D:3)
  Blork the orc (D:4)
  Jessica (D:3)
  A sleepcap (D:4)
  6 gnolls
  3 adders
  A dart slug (D:1)
  A worm (D:4)
  4 orcs (D:4)
  4 ball pythons
  7 bats
  13 endoplasms
  A giant cockroach (D:2)
  3 goblins
  5 hobgoblins
  5 jackals
  4 kobolds
  4 quokkas
  3 frilled lizards
  4 rats
73 creatures vanquished.

Notes
Turn   | Place    | Note
-------+----------+-------------------------------------------
     0 | D:1      | porpoise the Human Hunter began the quest for the Orb.
     0 | D:1      | Reached XP level 1. HP: 16/16 MP: 1/1
   172 | D:1      | Reached XP level 2. HP: 22/22 MP: 2/2
   184 | D:1      | You fall into a shaft and drop 1 floor!
   251 | D:2      | Reached XP level 3. HP: 5/28 MP: 3/3
   253 | D:2      | HP: 1/28 [poisoned by an adder]
   378 | D:2      | Reached XP level 4. HP: 34/34 MP: 4/4
   970 | D:1      | Reached skill level 5 in Ranged Weapons
  1189 | D:1      | Reached XP level 5. HP: 40/40 MP: 5/5
  1729 | D:3      | Noticed Jessica
  1731 | D:3      | Killed Jessica
  1953 | D:3      | Found a faded altar of an unknown god.
  2133 | D:3      | Noticed a phantom
  2139 | D:3      | Killed a phantom
  2140 | D:3      | Reached XP level 6. HP: 42/47 MP: 6/6
  2344 | D:4      | Noticed a black bear
  2359 | D:4      | Killed a black bear
  2360 | D:4      | Reached skill level 6 in Ranged Weapons
  2979 | D:4      | Reached XP level 7. HP: 36/53 MP: 7/7
  3049 | D:4      | Found a glowing golden altar of the Shining One.
  3078 | D:4      | Found a sacrificial altar of Ru.
  3186 | D:5      | Entered Level 5 of the Dungeon
  3188 | D:5      | Noticed Blork the orc
  3208 | D:4      | Killed Blork the orc
  3212 | D:4      | Succumbed to a scorpion's poison

Illustrated notes

Levels and vault maps discovered:
D:1:      dpeg_arrival_rooms_a, layout_basic
D:2:      minmay_evil_eye, layout_basic
D:3:      layout_basic, shapermc_ecumenical_altar_ellora, uniq_jessica
D:4:      layout_basic, general_overflow_altar, mainiacjoe_overflow_alcove_2,
          kennysheep_generic_room_6
D:5:      layout_cave_pools, mainiacjoe_overflow_surrounded_room,
          uniq_blork_the_orc, uniq_pikel, uniq_menkaure

Skill      XL: |  1  2  3  4  5  6 |
---------------+-------------------+-----
Stealth        | 2 3 |  3.7
Ranged Weapons | 5 6 |  6.4
Fighting       | 3 |  3.9
Dodging        | |  2.0

Action                     |  1- 3 |  4- 6 |  7- 9 || total
---------------------------+-------+-------+-------++-------
   Fire: Shortbow          |    49 |   171 |    25 ||   245
    Use: Potion            |     4 |       |     1 ||     5
         Scroll            |       |     5 |       ||     5
 Armour: Leather armour    |     5 |    28 |     6 ||    39
  Dodge: Dodged            |    19 |    84 |    16 ||   119
